[Event "Titled Tuesday Blitz March 15 Late 2022"]
[White "Royal, Shreyas"]
[Black "Hartikainen, Jarmo"]
[WhiteFideId "448869"]
[BlackFideId "503134"]
[WhiteElo "1986"]
[BlackElo "2087"]
[Result "1-0"]
[Round "01"]
[TimeControl "180+1"]
[Date "2022.03.16"]
[WhiteClock "0:02:03"]
[BlackClock "0:00:09"]

1. d4 Nf6 2. c4 g6 3. Nc3 d5 4. cxd5 Nxd5 5. e4 Nxc3 6. bxc3 Bg7 7. Bc4 O-O 8. Ne2 c5 9. O-O Nc6 10. Be3 cxd4 11. cxd4 b6 12. Qd2 Bb7 13. h4 h5 14. Rfd1 Rc8 15. Rac1 Na5 16. Bd3 Qd7 17. Bh6 Qg4 18. f3 Bxh6 19. Qxh6 Qxh4 20. e5 Rxc1 21. Rxc1 Rc8 22. Rd1 Nc6 23. Nf4 Nb4 24. Bxg6 fxg6 25. Qxg6+ Kh8 26. Ne6 Rg8 27. Qh6# 1-0


[Site "https://www.chess.com"]

[Event "Titled Tuesday Blitz March 15 Late 2022"]
[White "Rozman, Levy"]
[Black "Kujawski, Adam"]
[WhiteFideId "2039877"]
[BlackFideId "1100920"]
[WhiteElo "2376"]
[BlackElo "2053"]
[Result "1-0"]
[Round "01"]
[TimeControl "180+1"]
[Date "2022.03.16"]
[WhiteClock "0:01:05"]
[BlackClock "0:00:05"]

1. d4 Nf6 2. c4 e6 3. Nc3 Bb4 4. e3 c5 5. a3 Bxc3+ 6. bxc3 d6 7. Bd3 Nc6 8. Ne2 e5 9. O-O e4 10. Bc2 O-O 11. Ng3 Re8 12. f3 exf3 13. Qxf3 Bg4 14. Qf4 Ne7 15. e4 Ng6 16. Qf2 Qc7 17. h3 Be6 18. Bg5 Bxc4 19. Bxf6 Bxf1 20. Rxf1 gxf6 21. Nh5 Re6 22. Nxf6+ Rxf6 23. Qxf6 cxd4 24. Bb3 Rf8 25. cxd4 Qe7 26. Qf5 Kg7 27. g3 f6 28. h4 Re8 29. h5 Nf8 30. Bd5 Ne6 31. h6+ Kxh6 32. Qxf6+ Qxf6 33. Rxf6+ Kg5 34. Rxe6 Rc8 1-0


[Site "https://www.chess.com"]

[Event "Titled Tuesday Blitz March 15 Late 2022"]
[White "Rustemov, Alexander"]
[Black "Kashefi, Amir Hosein"]
[WhiteFideId "4119002"]
[BlackFideId "12557935"]
[WhiteElo "2772"]
[BlackElo "2107"]
[Result "0-1"]
[Round "01"]
[TimeControl "180+1"]
[Date "2022.03.16"]
[WhiteClock "0:00:03"]
[BlackClock "0:00:07"]

1. d4 d5 2. c4 c6 3. Nc3 Nf6 4. e3 Bf5 5. cxd5 Nxd5 6. Bc4 e6 7. Nge2 Bg6 8. e4 Nb6 9. Bb3 N8d7 10. O-O Be7 11. f4 Bh5 12. Be3 O-O 13. Qd2 Bxe2 14. Qxe2 c5 15. d5 exd5 16. Nxd5 Nxd5 17. Bxd5 Nf6 18. Bxb7 Rb8 19. Rad1 Qb6 20. Bd5 Qxb2 21. Rd2 Qb4 22. Bb3 Nxe4 23. Rd7 Bf6 24. Qc4 Qxc4 25. Bxc4 a5 26. Ra7 Bd4 27. Bxd4 cxd4 28. Rxa5 Nd2 29. Rc1 Rfc8 30. Ra4 d3 31. Kf2 Ne4+ 32. Ke3 d2 33. Ra1 Nc3 34. Bxf7+ Kf8 35. Ra7 d1=Q 36. Rxd1 Nxd1+ 37. Kd4 Ra8 38. Rb7 Rd8+ 39. Ke5 Nc3 40. Bb3 Ra5+ 41. Ke6 Re8+ 42. Kd6 Ne4+ 43. Kc6 Ra6+ 44. Kb5 Rf6 45. Kb4 Nd6 46. Rd7 Rxf4+ 47. Kc5 Ne4+ 48. Kc6 Ng5 49. g3 Rf6+ 50. Kc7 Nf7 51. a4 Re7 52. Rxe7 Kxe7 53. Bc4 Ne5 54. Bb5 Nf3 55. a5 Nd4 56. Bc4 Ne6+ 57. Kb7 Nc5+ 58. Kc7 g5 59. h3 Rh6 60. g4 Rxh3 61. Kc6 Ne4 62. a6 Ra3 63. Kb6 Nd6 64. Bd5 Kf6 65. Bb7 Nxb7 66. axb7 Rb3+ 67. Kc7 Rxb7+ 68. Kxb7 Ke5 69. Kc6 Kf4 70. Kd5 Kxg4 71. Ke4 h5 72. Ke3 Kg3 73. Ke2 Kg2 0-1


[Site "https://www.chess.com"]

[Event "Titled Tuesday Blitz March 15 Late 2022"]
[White "Sadilek, Peter"]
[Black "Chiku-Ratte, Olivier-Kenta"]
[WhiteFideId "1616439"]
[BlackFideId "2614782"]
[WhiteElo "2145"]
[BlackElo "2324"]
[Result "0-1"]
[Round "01"]
[TimeControl "180+1"]
[Date "2022.03.16"]
[WhiteClock "0:00:02"]
[BlackClock "0:01:40"]

1. Nf3 Nf6 2. c4 b6 3. g3 Bb7 4. Bg2 g6 5. O-O Bg7 6. d4 O-O 7. d5 e6 8. Nc3 exd5 9. cxd5 b5 10. a3 c6 11. Nd4 a6 12. Nb3 Re8 13. Nc5 Qb6 14. Nxb7 Qxb7 15. Bg5 h6 16. Bxf6 Bxf6 17. Ne4 Be7 18. d6 Bd8 19. Qd2 Kh7 20. Qf4 Kg7 21. h4 Qb6 22. b4 Qd4 23. Rfd1 Qe5 24. Qxe5+ Rxe5 25. f4 Re8 26. a4 Bb6+ 27. Kf1 Ra7 28. axb5 cxb5 29. Rac1 Nc6 30. Rxc6 dxc6 31. Nc5 Bxc5 32. bxc5 Rc8 33. e4 a5 34. Bh3 Rd8 35. f5 Kf6 36. fxg6 fxg6 37. d7 Ke7 38. e5 a4 39. e6 a3 40. Ra1 b4 41. Bg2 b3 42. Be4 a2 0-1


[Site "https://www.chess.com"]

[Event "Titled Tuesday Blitz March 15 Late 2022"]
[White "Sailer, Mike"]
[Black "Araujo Sanchez, Josue"]
[WhiteFideId "2012901"]
[BlackFideId "6416896"]
[WhiteElo "2109"]
[BlackElo "2357"]
[Result "0-1"]
[Round "01"]
[TimeControl "180+1"]
[Date "2022.03.16"]
[WhiteClock "0:01:01"]
[BlackClock "0:01:43"]

1. d4 Nf6 2. Nf3 g6 3. Bf4 Bg7 4. e3 O-O 5. Be2 d6 6. O-O Nc6 7. h3 Nd5 8. Bh2 e5 9. c4 Nde7 10. Nc3 f5 11. dxe5 Nxe5 12. Nxe5 dxe5 13. Nd5 c6 14. Nxe7+ Qxe7 15. Qc2 Be6 16. Rab1 Rad8 17. b4 f4 18. exf4 Bf5 19. Qb3 Bxb1 20. Rxb1 exf4 21. Bf3 Rd2 22. b5 cxb5 23. Qxb5 b6 24. Bd5+ Kh8 25. f3 Qe2 0-1


[Site "https://www.chess.com"]

[Event "Titled Tuesday Blitz March 15 Late 2022"]
[White "Sanal, Vahap"]
[Black "Hamley, Ryan"]
[WhiteFideId "6300545"]
[BlackFideId "30959497"]
[WhiteElo "2603"]
[BlackElo "2544"]
[Result "1-0"]
[Round "01"]
[TimeControl "180+1"]
[Date "2022.03.15"]
[WhiteClock "0:01:09"]
[BlackClock "0:00:11"]

1. e4 e5 2. Nc3 Nc6 3. Bc4 Nf6 4. d3 Bb4 5. Ne2 O-O 6. O-O d6 7. Bg5 Be6 8. Nd5 Bxd5 9. Bxd5 h6 10. Bxf6 Qxf6 11. c3 Bc5 12. Kh1 Ne7 13. Bb3 Ng6 14. d4 Bb6 15. Qd3 Rae8 16. Rad1 c6 17. g3 d5 18. exd5 cxd5 19. Bxd5 Rd8 20. Bxb7 exd4 21. Nxd4 Rd7 22. Bg2 Rfd8 23. Qc2 Bxd4 24. cxd4 Rxd4 25. Rxd4 Qxd4 26. Bf3 Rb8 27. b3 Ne5 28. Rd1 Qb6 29. Bd5 Ng4 30. Bxf7+ Kxf7 31. Qc4+ Qe6 32. Rd7+ Kf6 33. Qf4+ Kg6 34. Rd6 Nxf2+ 35. Kg2 1-0


[Site "https://www.chess.com"]

[Event "Titled Tuesday Blitz March 15 Late 2022"]
[White "Sanchez Alvares, Kelvin Antonio"]
[Black "Yeshchenko, Uliana"]
[WhiteFideId "3906680"]
[BlackFideId "14187272"]
[WhiteElo "2193"]
[BlackElo "1881"]
[Result "0-1"]
[Round "01"]
[TimeControl "180+1"]
[Date "2022.03.16"]
[WhiteClock "0:00:05"]
[BlackClock "0:00:44"]

1. e4 c5 2. Nf3 Nc6 3. d4 cxd4 4. Nxd4 Nf6 5. Nc3 e5 6. Ndb5 Bc5 7. Bg5 d6 8. Nd5 Bxf2+ 9. Kxf2 Nxe4+ 10. Kg1 Qxg5 11. Nbc7+ Kf8 12. Nxa8 Nd4 13. h3 Qg3 14. Bd3 Qf2+ 15. Kh2 Qg3+ 16. Kg1 Nf2 17. Qb1 Nf3+ 18. Kf1 Nxh1 19. gxf3 Qf2# 0-1


[Site "https://www.chess.com"]

[Event "Titled Tuesday Blitz March 15 Late 2022"]
[White "Selbes, Tarik"]
[Black "Hess, Robert"]
[WhiteFideId "6302513"]
[BlackFideId "2022036"]
[WhiteElo "2290"]
[BlackElo "2557"]
[Result "0-1"]
[Round "01"]
[TimeControl "180+1"]
[Date "2022.03.15"]
[WhiteClock "0:00:25"]
[BlackClock "0:00:53"]

1. Nf3 g6 2. g3 Bg7 3. Bg2 d6 4. O-O Nd7 5. d4 e6 6. b3 Ne7 7. Bb2 h6 8. c4 b6 9. Ne5 Rb8 10. Nc6 Nxc6 11. Bxc6 O-O 12. Nc3 Bb7 13. Bxb7 Rxb7 14. d5 exd5 15. cxd5 b5 16. Rc1 Re8 17. Qd2 Nc5 18. f3 Qg5 19. Rfd1 b4 20. Na4 Nxa4 21. Bxg7 Kxg7 22. bxa4 Qxd2 23. Rxd2 Re3 24. Rdc2 Ra3 25. Rxc7 Rxc7 26. Rxc7 Rxa4 27. Rb7 a5 28. Rb6 Rxa2 29. e4 Rb2 30. Rxd6 a4 0-1


[Site "https://www.chess.com"]

[Event "Titled Tuesday Blitz March 15 Late 2022"]
[White "Seul, Georg"]
[Black "Oparin, Grigoriy"]
[WhiteFideId "4601653"]
[BlackFideId "24125890"]
[WhiteElo "2271"]
[BlackElo "2665"]
[Result "0-1"]
[Round "01"]
[TimeControl "180+1"]
[Date "2022.03.15"]
[WhiteClock "0:00:16"]
[BlackClock "0:00:33"]

1. e4 c5 2. Nf3 Nc6 3. Bb5 e6 4. Bxc6 bxc6 5. d3 f6 6. O-O e5 7. Nh4 Ne7 8. f4 d6 9. fxe5 dxe5 10. Na3 Be6 11. Kh1 Ng6 12. Nf5 Qd7 13. Be3 Ne7 14. Nxe7 Bxe7 15. Nc4 O-O 16. Qe2 Rfd8 17. Rad1 Rab8 18. b3 Qe8 19. Bc1 Bxc4 20. dxc4 Rd4 21. Bb2 Rxd1 22. Rxd1 Rd8 23. Bc3 Rxd1+ 24. Qxd1 Qc8 25. h3 g6 26. Qg4 Qd8 27. Qe6+ Kf8 28. Qg4 Kf7 29. Qf3 Qd6 30. Qd3 Qe6 31. g4 Qc8 32. Kg2 Ke6 33. Kf3 Qh8 34. Ke2 h5 35. Qf3 hxg4 36. Qxg4+ Kf7 37. Kd1 Qh7 38. Qd7 Qh5+ 39. Kc1 Qf3 40. Qd3 Qg2 41. Kb2 Ke6 42. Ka3 Bd6 43. Ka4 f5 44. exf5+ gxf5 45. Ka5 e4 46. Qd1 Qxh3 47. Bb2 Qh2 48. Ka6 Be5 49. Ba3 Bd4 50. c3 Qc7 0-1


[Site "https://www.chess.com"]

[Event "Titled Tuesday Blitz March 15 Late 2022"]
[White "Sharafiev, Azat"]
[Black "Rosenberg, Evan S"]
[WhiteFideId "4186214"]
[BlackFideId "2019299"]
[WhiteElo "2299"]
[BlackElo "2266"]
[Result "0-1"]
[Round "01"]
[TimeControl "180+1"]
[Date "2022.03.16"]
[WhiteClock "0:00:12"]
[BlackClock "0:00:38"]

1. d4 Nf6 2. Nf3 e6 3. Bg5 h6 4. Bh4 d6 5. Nbd2 Be7 6. e4 Nbd7 7. Bd3 b6 8. Qe2 a6 9. c4 Bb7 10. d5 e5 11. O-O Nxd5 12. cxd5 Bxh4 13. b4 Bg5 14. Nc4 O-O 15. a4 f5 16. exf5 Bxd5 17. Be4 Nf6 18. Bxd5+ Nxd5 19. Rad1 Nc3 20. Qc2 Nxd1 21. Rxd1 Qf6 22. Nxg5 Qxg5 23. Ne3 Rf7 24. b5 axb5 25. axb5 Qf4 26. Nd5 Qa4 27. Qb1 Qa2 28. Qe4 Ra4 29. Qd3 Rd4 30. Qf1 Qxd5 0-1


[Site "https://www.chess.com"]

[Event "Titled Tuesday Blitz March 15 Late 2022"]
[White "Shimanov, Aleksandr"]
[Black "Pesotskiy, Mikhail"]
[WhiteFideId "4198603"]
[BlackFideId "34164453"]
[WhiteElo "2636"]
[BlackElo "2010"]
[Result "1-0"]
[Round "01"]
[TimeControl "180+1"]
[Date "2022.03.16"]
[WhiteClock "0:01:13"]
[BlackClock "0:00:07"]

1. e4 e6 2. Nf3 d5 3. exd5 exd5 4. d4 Nf6 5. Bd3 Bd6 6. O-O O-O 7. h3 h6 8. Re1 Re8 9. Ne5 Nbd7 10. Bf4 Bxe5 11. dxe5 Ne4 12. Bxe4 dxe4 13. Rxe4 Nc5 14. Rd4 Qe7 15. Bg3 Bf5 16. Nc3 c6 17. Qd2 Rad8 18. Rd6 Ne4 19. Nxe4 Bxe4 20. Rd1 Rxd6 21. exd6 Qd7 22. c4 c5 23. a3 Bc6 24. b4 b6 25. bxc5 bxc5 26. Qa5 Qf5 27. Qc7 Qe4 28. f3 Qc2 29. Rf1 Re2 30. Bf2 Qa4 31. Bxc5 Qxc4 32. Qxc6 Qc2 33. f4 1-0


[Site "https://www.chess.com"]

[Event "Titled Tuesday Blitz March 15 Late 2022"]
[White "Sjugirov, Sanan"]
[Black "Hirneise, Jens"]
[WhiteFideId "4189302"]
[BlackFideId "24614734"]
[WhiteElo "2602"]
[BlackElo "2359"]
[Result "1-0"]
[Round "01"]
[TimeControl "180+1"]
[Date "2022.03.16"]
[WhiteClock "0:01:12"]
[BlackClock "0:00:54"]

1. d4 d5 2. Nf3 Nf6 3. Bf4 a6 4. e3 g6 5. Nbd2 Bg7 6. c3 Nbd7 7. Bd3 c5 8. O-O O-O 9. h3 Re8 10. a4 Nh5 11. Bh2 e5 12. dxe5 Nxe5 13. Nxe5 Bxe5 14. Bxe5 Rxe5 15. Nf3 Re8 16. Bc2 Be6 17. a5 Qc7 18. Qd2 Red8 19. Rfd1 Nf6 20. b4 cxb4 21. cxb4 Ne4 22. Bxe4 dxe4 23. Nd4 Qe7 24. Rac1 h5 25. Qb2 Rac8 26. Rxc8 Rxc8 27. b5 axb5 28. Qxb5 Bc4 29. Qb6 Bd3 30. Ra1 Qc7 31. Qxc7 Rxc7 32. h4 Kg7 33. Kh2 Kf6 34. Kg3 Ke5 35. Ra3 Rc5 36. Rb3 Ba6 37. Ra3 f6 38. Ra2 g5 39. Ra1 Kd5 40. Rh1 g4 41. Ra1 Kc4 42. Ne6 Re5 43. Nd4 Kb4 44. Kf4 Kc3 45. Ra2 Kb4 46. g3 Kc3 47. Ra4 Bd3 48. Ra3+ Kb4 49. Rb3+ Kxa5 50. Rxb7 Rc5 51. Nb3+ 1-0


[Site "https://www.chess.com"]

[Event "Titled Tuesday Blitz March 15 Late 2022"]
[White "Solon, Nathan"]
[Black "Naroditsky, Daniel"]
[WhiteFideId "2017229"]
[BlackFideId "2026961"]
[WhiteElo "2558"]
[BlackElo "2608"]
[Result "0-1"]
[Round "01"]
[TimeControl "180+1"]
[Date "2022.03.15"]
[WhiteClock "0:00:11"]
[BlackClock "0:01:33"]

1. d4 Nf6 2. Bg5 Ne4 3. Bf4 Nc6 4. f3 Nf6 5. e4 d6 6. Be3 e5 7. d5 Ne7 8. c4 Ng6 9. Nc3 Be7 10. Bd3 Nf4 11. Bf1 O-O 12. g3 Ng6 13. Nh3 c6 14. Nf2 a6 15. Be2 cxd5 16. cxd5 b5 17. O-O Bd7 18. a4 b4 19. Na2 a5 20. Nc1 h6 21. Nb3 Nh7 22. Nd3 f5 23. Qd2 Ng5 24. exf5 Bxf5 25. Nf2 Rc8 26. Rac1 Rxc1 27. Rxc1 Bd7 28. Kg2 Bxa4 29. Qd3 e4 30. Nxe4 Ne5 31. Qd1 Nexf3 32. Bxf3 Nxf3 33. Ra1 Qd7 34. Nbc5 Qg4 35. Qxa4 dxc5 36. Qc2 b3 37. Qd3 Ne5 38. Qb1 Qf3+ 0-1


[Site "https://www.chess.com"]

[Event "Titled Tuesday Blitz March 15 Late 2022"]
[White "Srihari L R"]
[Black "Foisor, Sabina-Francesca"]
[WhiteFideId "46617116"]
[BlackFideId "1212915"]
[WhiteElo "2121"]
[BlackElo "2243"]
[Result "1-0"]
[Round "01"]
[TimeControl "180+1"]
[Date "2022.03.16"]
[WhiteClock "0:01:09"]
[BlackClock "0:00:21"]

1. c4 e6 2. e4 d5 3. cxd5 exd5 4. e5 c5 5. Nf3 Nc6 6. Bb5 Be6 7. O-O Ne7 8. d4 Ng6 9. Re1 a6 10. Bxc6+ bxc6 11. dxc5 Bxc5 12. Qc2 Qb6 13. Nc3 O-O 14. Na4 Bxf2+ 15. Qxf2 Qb4 16. b3 Rac8 17. Bd2 Qb5 18. Rac1 h6 19. Nd4 Qb8 20. Nxc6 Qb7 21. Nd4 Rxc1 22. Bxc1 Rc8 23. Ba3 Qc7 24. Bd6 Qa5 25. h3 Nf4 26. Rf1 Nd3 27. Qe3 Nb4 28. Qe1 Nc6 29. Nxc6 Qxe1 30. Ne7+ Kh7 31. Rxe1 Rc2 32. a3 d4 33. Nc5 d3 34. Nxd3 Bxb3 35. Nf5 Rd2 36. Nf2 g6 37. Ne3 Ra2 38. Ne4 Be6 39. Nc5 Kg7 40. Nxe6+ fxe6 41. Rc1 1-0


[Site "https://www.chess.com"]

[Event "Titled Tuesday Blitz March 15 Late 2022"]
[White "Suleymanli, Aydin"]
[Black "Aydin, Gulenay"]
[WhiteFideId "13413937"]
[BlackFideId "34557431"]
[WhiteElo "2481"]
[BlackElo "1429"]
[Result "1-0"]
[Round "01"]
[TimeControl "180+1"]
[Date "2022.03.16"]
[WhiteClock "0:00:30"]
[BlackClock "0:00:05"]

1. Nc3 d5 2. e4 d4 3. Nce2 e5 4. Nf3 Nc6 5. Ng3 Bg4 6. Bb5 Bd6 7. h3 Bd7 8. c3 dxc3 9. dxc3 h6 10. Be3 a6 11. Bc4 Nf6 12. Nh4 Ne7 13. Qf3 b5 14. Bb3 Qc8 15. O-O Be6 16. Nhf5 Bxf5 17. exf5 O-O 18. Bc2 c5 19. Ne4 Nxe4 20. Bxe4 Ra7 21. f6 Ng6 22. Bf5 Qd8 23. fxg7 Kxg7 24. Rad1 Qe7 25. Qh5 Rh8 26. Rfe1 Raa8 27. f4 Qc7 28. Bxg6 fxg6 29. Qg4 Rae8 30. f5 g5 31. Rd5 Kf6 32. Red1 Rd8 33. h4 Rhg8 34. hxg5+ hxg5 35. Qh5 Be7 36. g4 Rxd5 37. Rxd5 Qb7 38. Qh6+ Kf7 39. Qe6+ Kf8 40. f6 1-0


[Site "https://www.chess.com"]

[Event "Titled Tuesday Blitz March 15 Late 2022"]
[White "Svane, Rasmus"]
[Black "Eynullayev, Atilla"]
[WhiteFideId "4657101"]
[BlackFideId "13413570"]
[WhiteElo "2645"]
[BlackElo "1979"]
[Result "1-0"]
[Round "01"]
[TimeControl "180+1"]
[Date "2022.03.15"]
[WhiteClock "0:01:38"]
[BlackClock "0:00:06"]

1. Nf3 Nf6 2. g3 d5 3. Bg2 e6 4. O-O Be7 5. c4 O-O 6. b3 b6 7. d4 Bb7 8. Nc3 Nbd7 9. Bb2 c5 10. Ne1 Rc8 11. cxd5 Nxd5 12. Nxd5 Bxd5 13. Bxd5 exd5 14. dxc5 Nxc5 15. Ng2 Ne6 16. Qd3 Nc5 17. Qf3 Ne4 18. Rfd1 Rc2 19. Bd4 Qc8 20. Ne3 Rd2 21. Nxd5 Qe6 22. Nf4 Ng5 23. Nxe6 Nxf3+ 24. exf3 Rxd1+ 25. Rxd1 fxe6 26. Re1 Kf7 27. Rc1 Rd8 28. Be3 Rd7 29. Kf1 Bf6 30. Ke2 Ke7 31. f4 Bb2 32. Rc2 Ba3 33. Kf3 Bb4 34. Ke4 b5 35. Rc6 a5 36. Rb6 Rd5 37. Rb7+ Kf8 38. Bd4 g6 39. Rxh7 1-0


[Site "https://www.chess.com"]

[Event "Titled Tuesday Blitz March 15 Late 2022"]
[White "Swicarz, Maciej"]
[Black "Paravyan, David"]
[WhiteFideId "1113585"]
[BlackFideId "4194985"]
[WhiteElo "2057"]
[BlackElo "2569"]
[Result "0-1"]
[Round "01"]
[TimeControl "180+1"]
[Date "2022.03.15"]
[WhiteClock "0:01:36"]
[BlackClock "0:01:41"]

1. c4 Nf6 2. Nc3 c5 3. Nf3 d5 4. d4 cxd4 5. Nxd4 e5 6. Nf3 d4 7. Nb1 Nc6 8. a3 e4 9. Nfd2 Bd6 10. b4 e3 11. fxe3 Ng4 12. Nf3 Nxe3 13. Bxe3 dxe3 14. c5 Qf6 15. Ra2 Bc7 16. Qd3 Be6 17. Qxe3 O-O-O 18. Rd2 Qa1 19. Rxd8+ Rxd8 20. Qc1 Ba2 21. Nfd2 Bf4 0-1


[Site "https://www.chess.com"]

[Event "Titled Tuesday Blitz March 15 Late 2022"]
[White "Sztokbant, Bernardo Vainzoff"]
[Black "Bortnyk, Olexandr"]
[WhiteFideId "2115956"]
[BlackFideId "14120828"]
[WhiteElo "2237"]
[BlackElo "2723"]
[Result "0-1"]
[Round "01"]
[TimeControl "180+1"]
[Date "2022.03.15"]
[WhiteClock "0:02:07"]
[BlackClock "0:02:10"]

1. d4 d6 2. c4 e5 3. Nf3 e4 4. Nfd2 f5 5. Nc3 c6 6. g3 g6 7. Bg2 Bg7 8. Nb3 Nf6 9. O-O O-O 10. f3 d5 11. cxd5 cxd5 12. Bg5 Nc6 13. Rc1 Kh8 14. Qd2 Be6 15. Nc5 Bg8 16. Nxb7 Qb6 17. Nc5 Nxd4 18. Qxd4 Ng4 19. N3a4 Bxd4+ 0-1


[Site "https://www.chess.com"]

[Event "Titled Tuesday Blitz March 15 Late 2022"]
[White "Tabatabaei, M. Amin"]
[Black "Vusatiuk, Vladimir"]
[WhiteFideId "12521213"]
[BlackFideId "14118610"]
[WhiteElo "2544"]
[BlackElo "2157"]
[Result "1-0"]
[Round "01"]
[TimeControl "180+1"]
[Date "2022.03.15"]
[WhiteClock "0:01:43"]
[BlackClock "0:00:31"]

1. d4 Nf6 2. Nf3 e6 3. c3 d5 4. Bf4 Bd6 5. e3 O-O 6. Nbd2 c5 7. Ne5 Qc7 8. h4 Nbd7 9. Ndf3 Ne4 10. h5 f6 11. Nxd7 Bxd7 12. Bxd6 Qxd6 13. Bd3 Rad8 14. h6 g6 15. Qc2 Bc6 16. O-O-O b5 17. dxc5 Qxc5 18. Nd4 Rfe8 19. f3 Ng3 20. Bxg6 Nxh1 21. Bxe8 Rxe8 22. Rxh1 Bd7 23. Rh3 Kh8 24. Rg3 Rg8 25. Qf2 Qf8 26. Rxg8+ Kxg8 27. Qg3+ Kh8 28. Qc7 Qe8 29. Qxa7 e5 30. Nxb5 1-0


[Site "https://www.chess.com"]

[Event "Titled Tuesday Blitz March 15 Late 2022"]
[White "Taboas Rodriguez, Daniel"]
[Black "Senft, Sean"]
[WhiteFideId "2208466"]
[BlackFideId "2044960"]
[WhiteElo "2429"]
[BlackElo "1881"]
[Result "1/2-1/2"]
[Round "01"]
[TimeControl "180+1"]
[Date "2022.03.16"]
[WhiteClock "0:00:49"]
[BlackClock "0:00:10"]

1. d4 d5 2. Nf3 c6 3. c4 Nf6 4. cxd5 cxd5 5. Nc3 Nc6 6. Bf4 a6 7. Rc1 Bf5 8. e3 e6 9. Qb3 Ra7 10. Be2 Bd6 11. Bxd6 Qxd6 12. O-O O-O 13. Na4 Nd7 14. Nc5 Nxc5 15. Rxc5 b5 16. Rfc1 Na5 17. Qc3 Qb6 18. b3 h6 19. Rc7 Rxc7 20. Qxc7 Qxc7 21. Rxc7 Rb8 22. Kf1 Rb6 23. Ne5 f6 24. Rc8+ Kh7 25. Nd7 Rc6 26. Rxc6 Nxc6 27. Nc5 Nb8 28. g4 Bb1 29. a3 e5 30. b4 exd4 31. exd4 Kg6 32. Bf3 Kg5 33. h3 Nc6 34. Bxd5 Nxd4 35. Bb7 Nc2 36. Bxa6 Nxa3 37. Ne6+ Kg6 38. f4 Bd3+ 39. Kf2 Nc2 40. f5+ Kf7 41. Nc5 Nxb4 42. Nxd3 Nxd3+ 43. Ke3 Ne5 44. Bxb5 Ke7 45. Kd4 Kd6 46. Be2 Nc6+ 47. Ke4 Nb4 48. Bc4 Nc6 49. Be2 Nd8 50. Bc4 Nb7 51. Be2 Kc5 52. h4 Nd6+ 53. Kf4 Kd4 54. g5 Nf7 55. gxf6 gxf6 56. Bd1 Ne5 57. Bb3 Kd3 58. Ba4 Ke2 59. h5 Kd3 60. Bd1 Kd4 61. Bb3 Nd3+ 62. Kf3 Ke5 63. Be6 Nc5 64. Bc8 Ne4 65. Bd7 Nd6 66. Kg4 Ke4 67. Be6 Ke3 68. Kg3 Ne4+ 69. Kg4 Ng5 70. Bc8 Ke4 71. Bd7 Ke5 72. Bc8 Ne4 73. Bd7 Nf2+ 74. Kf3 Nd3 75. Kg4 Kd4 76. Bc8 Ke3 77. Be6 Nc5 78. Bc8 Ke4 79. Kg3 Ke3 80. Kg4 Ne4 81. Be6 Ng5 82. Bc8 Kd4 83. Bd7 Ke5 84. Bc8 Nf7 85. Bd7 Nd6 86. Be6 Ne8 87. Bd7 Ng7 88. Bc8 Ke4 89. Bd7 Ke5 90. Bc8 Kd6 91. Ba6 Kc5 92. Bc8 Kd5 93. Ba6 Ke5 94. Bc8 1/2-1/2


[Site "https://www.chess.com"]

[Event "Titled Tuesday Blitz March 15 Late 2022"]
[White "Taichman, Ori"]
[Black "Gulecyuz, Deniz"]
[WhiteFideId "2804069"]
[BlackFideId "30921341"]
[WhiteElo "2227"]
[BlackElo "1923"]
[Result "1-0"]
[Round "01"]
[TimeControl "180+1"]
[Date "2022.03.16"]
[WhiteClock "0:00:43"]
[BlackClock "0:00:15"]

1. e4 c5 2. Nf3 Nc6 3. Bb5 g6 4. c3 Bg7 5. d4 cxd4 6. cxd4 e6 7. Nc3 Nge7 8. d5 Ne5 9. Nxe5 Bxe5 10. Bh6 Qa5 11. Qd3 a6 12. Bc4 b5 13. Bb3 Ng8 14. Bd2 Qc7 15. O-O h5 16. Rac1 Qb8 17. f4 Bg7 18. f5 Be5 19. fxg6 fxg6 20. Bg5 Bxh2+ 21. Kh1 Qg3 22. Qxg3 Bxg3 23. Rf3 Be5 24. Rcf1 Bg7 25. Rf7 Rh7 26. dxe6 dxe6 27. Nd5 exd5 28. Bxd5 1-0


[Site "https://www.chess.com"]

[Event "Titled Tuesday Blitz March 15 Late 2022"]
[White "Tari, Aryan"]
[Black "Morris-Suzuki, Sophie"]
[WhiteFideId "1510045"]
[BlackFideId "30922615"]
[WhiteElo "2567"]
[BlackElo "2500"]
[Result "1-0"]
[Round "01"]
[TimeControl "180+1"]
[Date "2022.03.15"]
[WhiteClock "0:01:31"]
[BlackClock "0:00:34"]

1. a3 d5 2. Nf3 Nc6 3. d4 Bg4 4. Bf4 e6 5. Nbd2 Bd6 6. Bg3 Nf6 7. e3 O-O 8. Bd3 Qe7 9. Be2 Bxg3 10. hxg3 e5 11. c3 Ne4 12. Nxe4 dxe4 13. Nd2 Bxe2 14. Qxe2 exd4 15. cxd4 f5 16. O-O Qd7 17. Rac1 Ne7 18. Qc4+ Nd5 19. Qb3 c6 20. Nc4 Kh8 21. Ne5 Qe8 22. Qxb7 Rb8 23. Qxc6 Qxc6 24. Rxc6 Rxb2 25. Rfc1 Rbb8 26. Nd7 Ne7 27. R6c5 Rfd8 28. Nxb8 1-0


[Site "https://www.chess.com"]

[Event "Titled Tuesday Blitz March 15 Late 2022"]
[White "Torres Hernandez, Leslie Carolin"]
[Black "Bilych, Olexiy"]
[WhiteFideId "8400504"]
[BlackFideId "14156504"]
[WhiteElo "1920"]
[BlackElo "2176"]
[Result "0-1"]
[Round "01"]
[TimeControl "180+1"]
[Date "2022.03.16"]
[WhiteClock "0:00:02"]
[BlackClock "0:00:13"]

1. e4 e5 2. Nf3 Nc6 3. Bc4 Nf6 4. d3 Bc5 5. O-O d6 6. c3 O-O 7. Re1 a6 8. b4 Ba7 9. Be3 Bb8 10. Nbd2 Ne7 11. d4 Ng6 12. Qb3 h6 13. Rad1 Ng4 14. Bf1 Nxe3 15. Rxe3 Ba7 16. Ree1 Qe7 17. Nc4 Be6 18. d5 Bd7 19. Ne3 Qe8 20. Rc1 Ne7 21. c4 f5 22. exf5 Nxf5 23. c5 Qh5 24. Be2 Qg6 25. Nxf5 Bxf5 26. Nh4 Qf6 27. Nxf5 Qxf5 28. Bf3 Qg5 29. Rc4 Rf4 30. Rxf4 Qxf4 31. Re4 Qc1+ 32. Qd1 Qxd1+ 33. Bxd1 Rf8 34. Bf3 Kf7 35. cxd6 cxd6 36. Rc4 Bb6 37. a4 a5 38. bxa5 Bxa5 39. h3 Ra8 40. Rc2 Ke7 41. Rb2 Ra7 42. Rb5 Kd7 43. g4 Kc7 44. Kg2 Bc3 45. Be4 Rxa4 46. Bf5 Bd4 47. Bb1 Rc4 0-1


[Site "https://www.chess.com"]

[Event "Titled Tuesday Blitz March 15 Late 2022"]
[White "Travadon, Loic"]
[Black "Arabidze, Meri"]
[WhiteFideId "26092131"]
[BlackFideId "13604040"]
[WhiteElo "2095"]
[BlackElo "2335"]
[Result "1-0"]
[Round "01"]
[TimeControl "180+1"]
[Date "2022.03.16"]
[WhiteClock "0:01:39"]
[BlackClock "0:00:29"]

1. Nf3 b6 2. e4 Bb7 3. Nc3 g6 4. d4 Bg7 5. Bd3 e6 6. O-O Ne7 7. Re1 d6 8. e5 Nf5 9. d5 O-O 10. Bg5 Qd7 11. Bb5 c6 12. dxc6 Bxc6 13. Bxc6 Qxc6 14. g4 Nh6 15. Bf6 Bxf6 16. exf6 Nxg4 17. Nd4 Qc4 18. Qxg4 e5 19. Qg5 Nd7 20. Nf5 Qe6 21. Nd5 Kh8 22. Qh6 Rg8 23. Qg7+ Rxg7 24. fxg7+ Kg8 25. Nde7+ Qxe7 26. Nxe7+ Kxg7 27. Rad1 1-0


[Site "https://www.chess.com"]